APP
PULASKI YANKEES @ BOSTON (APP) RED SOX
07/09/2044
 
TOP OF THE 1ST
Pulaski Yankees batting - Pitching for Boston (APP) Red Sox : RHP Jose Escobar
Pitching: RHP Jose Escobar
Batting: LHB Joel Vera 0-0: Swinging Strike
0-1: Swinging Strike
0-2: Foul Ball, location: 2F
0-2: Foul Ball, location: 2F
0-2: Strikes out swinging
Batting: LHB Dan Morris 0-0: Ball
1-0: Swinging Strike
1-1: Swinging Strike
1-2: Ball
2-2: Ball
3-2: Strikes out swinging
Batting: SHB Blake Abbott 0-0: Called Strike
0-1: Ball
1-1: Foul Ball, location: 2F
1-2: Ground out 5-3 (Groundball, 6, EV 86.3 MPH)
Top of the 1st over - 0 runs, 0 hits, 0 errors, 0 left on base; Pulaski 0 - Boston (APP) 0
BOTTOM OF THE 1ST
Boston (APP) Red Sox batting - Pitching for Pulaski Yankees : LHP Arturo Eli
Pitching: LHP Arturo Eli
Batting: RHB Matt Hinkle 0-0: Called Strike
0-1: Ground out 4-3 (Groundball, 4MD, EV 80.6 MPH)
Batting: LHB Stanislav Parusov 0-0: Swinging Strike
0-1: Swinging Strike
0-2: Ball
1-2: Foul Ball, location: 2F
1-2: Strikes out swinging
Batting: RHB Frank Sokolosky 0-0: Called Strike
0-1: Ground out 5-3 (Groundball, 56, EV 85.6 MPH)
Bottom of the 1st over - 0 runs, 0 hits, 0 errors, 0 left on base; Pulaski 0 - Boston (APP) 0
TOP OF THE 2ND
Pulaski Yankees batting - Pitching for Boston (APP) Red Sox : RHP Jose Escobar
Batting: RHB Mike Gifford 0-0: Called Strike
0-1: Reached on error, E4 (Groundball, 4S, EV 85.0 MPH)
Batting: RHB Bobby Melillo 0-0: Ball
1-0: Foul Ball, location: 2F
1-1: DOUBLE (Groundball, 5L, EV 103.8 MPH)
Mike Gifford to third
Runner from 3rd tries for Home, SAFE, throw by LF to home
Batting: SHB Victor Ruiz 0-0: Ball
1-0: Foul Ball, location: 2F
1-1: Ball
2-1: Swinging Strike
2-2: Strikes out swinging
Batting: RHB Johannes Gutermuth 0-0: Ball
1-0: Called Strike
1-1: Swinging Strike
1-2: Ball
2-2: Ball
3-2: SINGLE (Flyball, 4D, EV 92.5 MPH)
Bobby Melillo to third
Batting: SHB Joe Fure 0-0: Ball
Johannes Gutermuth steals 2nd base
1-0: Ball
2-0: Fly out, F7 (Flyball, 7LS, EV 90.0 MPH)
Batting: RHB Roberto Tena 0-0: Called Strike
0-1: Ball
1-1: Ball
2-1: Foul Ball, location: 2F
2-2: Strikes out swinging
Top of the 2nd over - 1 run, 2 hits, 1 error, 2 left on base; Pulaski 1 - Boston (APP) 0
BOTTOM OF THE 2ND
Boston (APP) Red Sox batting - Pitching for Pulaski Yankees : LHP Arturo Eli
Batting: RHB William Lung 0-0: Called Strike
0-1: Ball
1-1: Swinging Strike
1-2: Foul Ball, location: 2F
1-2: Ball
2-2: Ball
3-2: Foul Ball, location: 2F
3-2: Strikes out swinging
Batting: LHB Frank Olivo 0-0: Ball
1-0: Ground out 6-3 (Groundball, 56D, EV 89.4 MPH)
Batting: SHB Eric Evans 0-0: Foul Ball, location: 2F
0-1: Foul Ball, location: 2F
0-2: Ball
1-2: Foul Ball, location: 2F
1-2: SINGLE (Line Drive, 56, EV 102.5 MPH)
Batting: RHB John Doucette 0-0: Foul Ball, location: 2F
0-1: Called Strike
0-2: Ball
1-2: Ground out 4-3 (Groundball, 4, EV 98.1 MPH)
Bottom of the 2nd over - 0 runs, 1 hit, 0 errors, 1 left on base; Pulaski 1 - Boston (APP) 0
TOP OF THE 3RD
Pulaski Yankees batting - Pitching for Boston (APP) Red Sox : RHP Jose Escobar
Batting: LHB Joel Vera 0-0: Ball
1-0: Called Strike
1-1: Ball
2-1: Ball
3-1: Called Strike
3-2: DOUBLE (Line Drive, 89D, EV 106.3 MPH)
Batting: LHB Dan Morris 0-0: Called Strike
0-1: Ball
1-1: Ball
2-1: Ball
Joel Vera steals 3rd base
3-1: Base on Balls
Batting: SHB Blake Abbott 0-0: Ball
1-0: Swinging Strike
1-1: Ball
2-1: Swinging Strike
2-2: DOUBLE (Flyball, 8LXD, EV 101.3 MPH)
Joel Vera scores
Dan Morris to third
Runner from 3rd tries for Home, SAFE, throw by CF to trailing runner, SAFE at third!
Batting: RHB Mike Gifford 0-0: Called Strike
0-1: 2-RUN HOME RUN (Flyball, 8RXD, EV 109.4 MPH), Distance : 439 ft
Batting: RHB Bobby Melillo 0-0: Ball
1-0: Ground out 5-3 (Groundball, 56, EV 87.5 MPH)
Batting: SHB Victor Ruiz 0-0: Ball
1-0: Ball
2-0: Called Strike
2-1: Ground out 6-3 (Groundball, 4, EV 91.9 MPH)
Batting: RHB Johannes Gutermuth 0-0: Foul Ball, location: 2F
0-1: Swinging Strike
0-2: Ball
1-2: Fly out, F9 (Flyball, 9LS, EV 86.3 MPH)
Top of the 3rd over - 4 runs, 3 hits, 0 errors, 0 left on base; Pulaski 5 - Boston (APP) 0
BOTTOM OF THE 3RD
Boston (APP) Red Sox batting - Pitching for Pulaski Yankees : LHP Arturo Eli
Batting: RHB Dominique Paolozzi 0-0: Ball
1-0: Ball
2-0: Ground out U3 (Groundball, 3S, EV 85.6 MPH)
Batting: RHB Paul Bennett 0-0: Foul Ball, location: 2F
0-1: Swinging Strike
0-2: SINGLE (Groundball, 34D, EV 99.4 MPH)
Batting: RHB Matt Hinkle 0-0: Called Strike
0-1: Ball
1-1: Ball
2-1: Fly out, F5 (Line Drive, 5, EV 68.1 MPH)
Batting: LHB Stanislav Parusov 0-0: Ball
1-0: Called Strike
1-1: Ball
2-1: Foul Ball, location: 2F
2-2: Foul Ball, location: 2F
2-2: Foul Ball, location: 2F
2-2: Ball
3-2: Foul Ball, location: 2F
3-2: Foul Ball, location: 2F
3-2: Foul Ball, location: 2F
3-2: Ground out 5-3 (Groundball, 56, EV 94.4 MPH)
Bottom of the 3rd over - 0 runs, 1 hit, 0 errors, 1 left on base; Pulaski 5 - Boston (APP) 0
TOP OF THE 4TH
Pulaski Yankees batting - Pitching for Boston (APP) Red Sox : RHP Jose Escobar
Batting: SHB Joe Fure 0-0: Called Strike
0-1: Ball
1-1: Called Strike
1-2: Ball
2-2: SINGLE (Groundball, 25, EV 73.1 MPH) (infield hit)
Batting: RHB Roberto Tena 0-0: Called Strike
0-1: Ball
1-1: Called Strike
Joe Fure is caught stealing 2nd base 2-4
1-2: Foul Ball, location: 2F
1-2: Ball
2-2: DOUBLE (Flyball, 89D, EV 90.0 MPH)
Batting: LHB Joel Vera 0-0: Ball
1-0: Ball
2-0: Ball
3-0: Called Strike
3-1: Foul Ball, location: 2F
3-2: Base on Balls
Batting: LHB Dan Morris 0-0: Called Strike
0-1: Fielders Choice at 2nd, 6-4 (Groundball, 6, EV 85.0 MPH)
Roberto Tena to third
Batting: SHB Blake Abbott 0-0: Foul Ball, location: 2F
0-1: Ball
1-1: Ball
2-1: Hit by Pitch
Dan Morris to second
Batting: RHB Mike Gifford 0-0: Ball
1-0: Ground out 5-3 (Groundball, 56S, EV 83.1 MPH)
Top of the 4th over - 0 runs, 2 hits, 0 errors, 3 left on base; Pulaski 5 - Boston (APP) 0
BOTTOM OF THE 4TH
Boston (APP) Red Sox batting - Pitching for Pulaski Yankees : LHP Arturo Eli
Batting: RHB Frank Sokolosky 0-0: Ball
1-0: DOUBLE (Line Drive, 9LM, EV 110.0 MPH)
Batting: RHB William Lung 0-0: Foul Ball, location: 2F
0-1: Ball
1-1: Foul Ball, location: 2F
1-2: Strikes out swinging
Batting: LHB Frank Olivo 0-0: Ball
1-0: Called Strike
1-1: DOUBLE (Line Drive, 7LM, EV 98.1 MPH)
Frank Sokolosky scores
Batting: SHB Eric Evans 0-0: Ball
1-0: Foul Ball, location: 2F
1-1: Ball
2-1: Ball
3-1: Base on Balls
Batting: RHB John Doucette 0-0: Swinging Strike
Passed Ball!
Frank Olivo to third
Eric Evans to second
0-1: Foul Ball, location: 2F
0-2: Ball
1-2: Ball
Wild Pitch!
Frank Olivo scores
Eric Evans to third
2-2: Foul Ball, location: 2F
2-2: Strikes out swinging
Batting: RHB Dominique Paolozzi 0-0: Called Strike
0-1: Ball
1-1: Called Strike
1-2: Ball
2-2: Strikes out looking
Bottom of the 4th over - 2 runs, 2 hits, 0 errors, 1 left on base; Pulaski 5 - Boston (APP) 2
TOP OF THE 5TH
Pulaski Yankees batting - Pitching for Boston (APP) Red Sox : RHP Jose Escobar
Pitching: RHP Josh Graham
Batting: RHB Bobby Melillo 0-0: Fly out, F8 (Flyball, 8LXD, EV 100.6 MPH)
Batting: SHB Victor Ruiz 0-0: Ball
1-0: Swinging Strike
1-1: Swinging Strike
1-2: Strikes out swinging
Batting: RHB Johannes Gutermuth 0-0: Called Strike
0-1: Foul Ball, location: 2F
0-2: Strikes out swinging
Top of the 5th over - 0 runs, 0 hits, 0 errors, 0 left on base; Pulaski 5 - Boston (APP) 2
BOTTOM OF THE 5TH
Boston (APP) Red Sox batting - Pitching for Pulaski Yankees : LHP Arturo Eli
Batting: RHB Paul Bennett 0-0: Called Strike
0-1: Ground out 4-3 (Groundball, 4MD, EV 102.5 MPH)
Pitching: RHP Vince DeFord
Batting: RHB Matt Hinkle 0-0: Called Strike
0-1: Swinging Strike
0-2: Ball
1-2: Ball
2-2: Ball
3-2: Base on Balls
Batting: LHB Stanislav Parusov 0-0: Ball
1-0: Ball
2-0: Called Strike
2-1: Foul Ball, location: 2F
2-2: Strikes out swinging
Batting: RHB Frank Sokolosky 0-0: Called Strike
0-1: Called Strike
0-2: Strikes out looking
Bottom of the 5th over - 0 runs, 0 hits, 0 errors, 1 left on base; Pulaski 5 - Boston (APP) 2
TOP OF THE 6TH
Pulaski Yankees batting - Pitching for Boston (APP) Red Sox : RHP Josh Graham
Batting: SHB Joe Fure 0-0: Called Strike
0-1: DOUBLE (Flyball, 8LD, EV 97.5 MPH)
Batting: RHB Roberto Tena 0-0: Ball
1-0: Ground out 4-3 (Groundball, P, EV 81.9 MPH)
Joe Fure to third
Batting: LHB Joel Vera 0-0: Ball
1-0: 2-RUN HOME RUN (Flyball, 89XD, EV 107.5 MPH), Distance : 434 ft
Batting: LHB Dan Morris 0-0: Ball
1-0: Called Strike
1-1: Ball
2-1: Foul Ball, location: 2F
2-2: SOLO HOME RUN (Flyball, 9D, EV 97.5 MPH), Distance : 368 ft
Pitching: LHP Eddie Contreras
Batting: SHB Blake Abbott 0-0: Ball
1-0: Swinging Strike
1-1: SOLO HOME RUN (Flyball, 7LD, EV 95.0 MPH), Distance : 346 ft
Batting: RHB Mike Gifford 0-0: Ball
1-0: Ball
2-0: Called Strike
2-1: Foul Ball, location: 2F
2-2: Foul Ball, location: 2F
2-2: Strikes out swinging
Batting: RHB Bobby Melillo 0-0: Ball
1-0: Ball
2-0: Ball
3-0: Base on Balls
Batting: SHB Victor Ruiz 0-0: Ball
1-0: Foul Ball, location: 2F
1-1: Ball
2-1: Fly out, F7 (Flyball, 7S, EV 83.8 MPH)
Top of the 6th over - 4 runs, 4 hits, 0 errors, 1 left on base; Pulaski 9 - Boston (APP) 2
BOTTOM OF THE 6TH
Boston (APP) Red Sox batting - Pitching for Pulaski Yankees : RHP Vince DeFord
Batting: RHB William Lung 0-0: Swinging Strike
0-1: Ball
1-1: Foul Ball, location: 2F
1-2: Strikes out swinging
Batting: LHB Frank Olivo 0-0: Called Strike
0-1: Foul Ball, location: 2F
0-2: Strikes out swinging
Batting: SHB Eric Evans 0-0: Ball
1-0: Swinging Strike
1-1: Called Strike
1-2: Ball
2-2: Foul Ball, location: 2F
2-2: Ball
3-2: Strikes out swinging
Bottom of the 6th over - 0 runs, 0 hits, 0 errors, 0 left on base; Pulaski 9 - Boston (APP) 2
TOP OF THE 7TH
Pulaski Yankees batting - Pitching for Boston (APP) Red Sox : LHP Eddie Contreras
Batting: RHB Johannes Gutermuth 0-0: Swinging Strike
0-1: Swinging Strike
0-2: Ball
1-2: Foul Ball, location: 2F
1-2: Ball
2-2: Strikes out swinging
Batting: SHB Joe Fure 0-0: Swinging Strike
0-1: Ball
1-1: Ball
2-1: Foul Ball, location: 2F
2-2: Foul Ball, location: 2F
2-2: Foul Ball, location: 2F
2-2: Ball
3-2: Ground out 5-3 (Groundball, 56, EV 83.8 MPH)
Batting: RHB Roberto Tena 0-0: Called Strike
0-1: Foul Ball, location: 2F
0-2: Ball
1-2: Foul Ball, location: 2F
1-2: Ball
2-2: Foul Ball, location: 2F
2-2: Ball
3-2: Strikes out swinging
Top of the 7th over - 0 runs, 0 hits, 0 errors, 0 left on base; Pulaski 9 - Boston (APP) 2
BOTTOM OF THE 7TH
Boston (APP) Red Sox batting - Pitching for Pulaski Yankees : RHP Vince DeFord
Batting: RHB John Doucette 0-0: Swinging Strike
0-1: Swinging Strike
0-2: Ball
1-2: Ball
2-2: Fly out, F9 (Flyball, 9, EV 86.9 MPH)
Batting: RHB Dominique Paolozzi 0-0: Fly out, F7 (Flyball, 7LS, EV 95.0 MPH)
Batting: RHB Paul Bennett 0-0: Swinging Strike
0-1: Swinging Strike
0-2: Strikes out swinging
Bottom of the 7th over - 0 runs, 0 hits, 0 errors, 0 left on base; Pulaski 9 - Boston (APP) 2
TOP OF THE 8TH
Pulaski Yankees batting - Pitching for Boston (APP) Red Sox : LHP Eddie Contreras
Pitching: RHP Victor Escobar
Batting: LHB Joel Vera 0-0: Ball
1-0: Swinging Strike
1-1: Fly out, F7 (Flyball, 7D, EV 101.9 MPH)
Batting: LHB Dan Morris 0-0: Ball
1-0: Foul Ball, location: 2F
1-1: Swinging Strike
1-2: Ball
2-2: Ball
3-2: Foul Ball, location: 2F
3-2: SINGLE (Groundball, 34D, EV 94.4 MPH)
Batting: SHB Blake Abbott 0-0: Grounds out, U3 (Groundball, 3L, EV 97.5 MPH)
Batting: RHB Mike Gifford 0-0: Ball
1-0: Ball
2-0: Ball
3-0: Base on Balls
Pinch Hitting: RHB Jordan Barragan 0-0: Called Strike
0-1: Swinging Strike
0-2: Ball
1-2: Ball
2-2: Foul Ball, location: 2F
2-2: Foul Ball, location: 2F
2-2: Ball
3-2: Foul Ball, location: 2F
3-2: SINGLE (Groundball, 6MD, EV 99.4 MPH)
Dan Morris to third
Mike Gifford to second
Dan Morris scores
Mike Gifford to third
Pinch Hitting: RHB Nick Dunton 0-0: Called Strike
0-1: Ball
1-1: Foul Ball, location: 2F
1-2: Foul Ball, location: 2F
1-2: Fielders Choice at 2nd, 6-4 (Groundball, 56, EV 110.0 MPH)
Top of the 8th over - 1 run, 2 hits, 0 errors, 2 left on base; Pulaski 10 - Boston (APP) 2
BOTTOM OF THE 8TH
Boston (APP) Red Sox batting - Pitching for Pulaski Yankees : RHP Vince DeFord
Now at 1B: Nick Dunton
Now in LF: Graham Murphy
Batting: RHB Matt Hinkle 0-0: Ball
1-0: Called Strike
1-1: Ball
2-1: Swinging Strike
2-2: Strikes out swinging
Pitching: RHP Bill Kaiser
Batting: LHB Stanislav Parusov 0-0: Called Strike
0-1: Ground out U3 (Groundball, 34, EV 85.0 MPH)
Batting: RHB Frank Sokolosky 0-0: Called Strike
0-1: Swinging Strike
0-2: Strikes out swinging, 2-3 out at first.
Bottom of the 8th over - 0 runs, 0 hits, 0 errors, 0 left on base; Pulaski 10 - Boston (APP) 2
TOP OF THE 9TH
Pulaski Yankees batting - Pitching for Boston (APP) Red Sox : RHP Victor Escobar
Batting: RHB Johannes Gutermuth 0-0: Called Strike
0-1: Ball
1-1: Ball
2-1: Ball
3-1: Called Strike
3-2: Strikes out swinging
Batting: SHB Joe Fure 0-0: Foul Ball, location: 2F
0-1: Ball
1-1: Ball
2-1: Ball
3-1: Base on Balls
Pitching: RHP Rich Brown
Batting: RHB Roberto Tena 0-0: Foul Ball, location: 2F
0-1: SINGLE (Groundball, 56S, EV 64.4 MPH) (infield hit)
Joe Fure to second
Batting: LHB Joel Vera 0-0: Ball
1-0: Swinging Strike
1-1: Called Strike
1-2: Foul Ball, location: 2F
1-2: Ball
2-2: Ball
3-2: Foul Ball, location: 2F
3-2: Fly out, F7 (Flyball, 7D, EV 86.3 MPH)
Batting: LHB Dan Morris 0-0: 3-RUN HOME RUN (Line Drive, 89XD, EV 103.8 MPH), Distance : 413 ft
Batting: SHB Blake Abbott 0-0: Called Strike
0-1: Fly out, F8 (Flyball, 89D, EV 103.8 MPH)
Top of the 9th over - 3 runs, 2 hits, 0 errors, 0 left on base; Pulaski 13 - Boston (APP) 2
BOTTOM OF THE 9TH
Boston (APP) Red Sox batting - Pitching for Pulaski Yankees : RHP Bill Kaiser
Batting: RHB William Lung 0-0: Ball
1-0: SOLO HOME RUN (Flyball, 78XD, EV 102.5 MPH), Distance : 418 ft
Batting: LHB Frank Olivo 0-0: Ball
1-0: Foul Ball, location: 2F
1-1: Foul Ball, location: 2F
1-2: Ball
2-2: Strikes out swinging
Batting: SHB Eric Evans 0-0: Called Strike
0-1: Foul Ball, location: 2F
0-2: Foul Ball, location: 2F
0-2: Ball
1-2: Strikes out swinging
Batting: RHB John Doucette 0-0: Ball
1-0: Called Strike
1-1: Ball
2-1: Ground out 4-3 (Groundball, 4, EV 85.6 MPH)
Bottom of the 9th over - 1 run, 1 hit, 0 errors, 0 left on base; Pulaski 13 - Boston (APP) 3
Thursday, March 31st , 2022 - OOTP Baseball 22.12 Build 89